 Dungeon Crawl Stone Soup version 0.29.0-13-gc9e81de378 (webtiles) character file.

Game seed: 4859201289039553365

4242 howech the Cleaver (level 10, -10/86 HPs)
             Began as a Minotaur Fighter on Sept 11, 2022.
             Was a High Priest of Dithmenos.
             Mangled by an orc warrior
             ... wielding a +0 glaive
              (16 damage)
             ... on level 7 of the Dungeon.
             The game lasted 00:27:10 (10092 turns).

howech the Cleaver (Minotaur Fighter)              Turns: 10092, Time: 00:27:10

Health: -10/86     AC:  7    Str: 22    XL:     10   Next: 9%
Magic:  12/12      EV:  8    Int:  5    God:    Dithmenos [*****.]
Gold:   625        SH:  5    Dex: 13    Spells: 9/9 levels left

rFire   . . .      SeeInvis +   j - +2 war axe (freeze)
rCold   . . .      Faith    .   c - +0 buckler
rNeg    . . .      Spirit   .   x - +0 plate armour
rPois   .          Reflect  .   (helmet restricted)
rElec   .          Harm     .   (no cloak)
rCorr   .          Rampage  .   (no gloves)
Will    .....                   o - +1 pair of boots
Stlth   ..........              (no amulet)
HPRegen 0.24/turn               i - ring of see invisible
MPRegen 0.13/turn               (no ring)

@: corroded, wreathed by umbra
A: horns 2, retaliatory headbutt
a: Renounce Religion, Shadow Step, Shadow Form


You were on level 7 of the Dungeon.
You worshipped Dithmenos.
Dithmenos was extremely pleased with you.
You visited 2 branches of the dungeon, and saw 9 of its levels.
You also visited: Ossuary.

You collected 625 gold pieces.

Inventory:

Hand Weapons
 a - a +1 war axe
 j - a +2 war axe of freezing (weapon)
Missiles
 e - 16 boomerangs (quivered)
Armour
 b - a +0 scale mail
 c - a +0 buckler (worn)
 o - a +1 pair of boots (worn)
 x - a +0 plate armour (worn)
Jewellery
 g - an amulet of the acrobat
 i - a ring of see invisible (left hand)
Wands
 d - a wand of polymorph (8)
 l - a wand of acid (6)
 p - a wand of iceblast (11)
Scrolls
 k - a scroll of poison
 n - 2 scrolls of teleportation
 w - 2 scrolls of blinking
Potions
 f - a potion of ambrosia
 h - 2 potions of brilliance
 m - 3 potions of cancellation
 q - 3 potions of attraction
 s - 4 potions of lignification {unknown}
 t - 3 potions of curing
 u - a potion of heal wounds {unknown}
 v - a potion of degeneration {unknown}


   Skills:
 + Level 7.1 Fighting
 * Level 9.0 Axes
 + Level 4.9 Throwing
 + Level 7.3 Armour
 + Level 5.3 Dodging
 - Level 5.0 Shields
 + Level 4.5 Invocations
 + Level 4.3 Evocations


You had 9 spell levels left.
You didn't know any spells.
Your spell library contained the following spells:

 Spells                   Type           Power      Damage    Failure   Level
 Necrotise                Necr           0%         1d4       100%        1
 Ensorcelled Hibernation  Hex/Ice        0%         N/A       100%        2
 Passwall                 Tmut/Erth      0%         N/A       100%        2
 Ignite Poison            Fire/Tmut/Pois 0%         N/A       100%        3
 Mephitic Cloud           Conj/Pois/Air  0%         N/A       100%        3
 Swiftness                Air            0%         N/A       100%        3
 Vampiric Draining        Necr           0%         2d6       100%        3
 Agony                    Necr           0%         N/A       100%        5
 Freezing Cloud           Conj/Ice/Air   0%         6-21      100%        5


Dungeon Overview and Level Annotations

Branches:
Dungeon (8/15)             Temple (1/1) D:4         Ossuary (visited)
   Lair: D:8-11

Altars:
Ashenzari
Cheibriados
Dithmenos
Elyvilon
Fedhas
Gozag
Hepliaklqana
Kikubaaqudgha
Nemelex Xobeh
Okawaru
Qazlal
Ru
Sif Muna
Trog
Uskayaw
Vehumet
Wu Jian
Xom
Yredelemnul
Zin
The Shining One

Shops:
D:2 (


Innate Abilities, Weirdness & Mutations

You have a pair of horns on your head.
You reflexively headbutt those who attack you in melee.


Message History

The orc warrior barely misses you. The orc warrior barely misses you.
The orc warrior hits you with a +0 long sword.
You slash the orc warrior! You freeze the orc warrior.
The orc warrior is heavily wounded.
You hit the rust devil. You barely miss the orc warrior.
The rust devil completely misses you. You furiously retaliate!
You headbutt the rust devil! The orc warrior closely misses you.
You furiously retaliate!
You headbutt the orc warrior, but do no damage.
The orc warrior hits you with a +0 long sword!
Press: ? - help, v - describe, . - travel The floor, spattered with blood.
This square is wreathed by an umbra.
The rust devil attacks as you move away!
The rust devil hits you. The rust devil corrodes you!
The orc warrior attacks as you move away!
The orc warrior hits you but does no damage.
The orc warrior hits you with a +0 glaive.
You hit the rust devil.
You headbutt the rust devil, but do no damage.
The rust devil is heavily wounded.
You hit the orc warrior but do no damage.
You barely miss the orc warrior. The rust devil hits you.
The rust devil corrodes you!
The orc warrior hits you with a +0 glaive!
You block the orc warrior's attack.
The rust devil attacks as you move away!
The rust devil closely misses you. You furiously retaliate!
You headbutt the rust devil, but do no damage.
The orc warrior hits you with a +0 glaive!
The orc warrior attacks as you move away!
The orc warrior barely misses you.
The orc warrior hits you with a +0 glaive!!
* * * LOW HITPOINT WARNING * * *
The orc warrior attacks as you move away!
The orc warrior completely misses you. The orc warrior closely misses you.
You open the door.
The orc warrior hits you from afar with a +0 glaive!
You die...

.#<.......####.....### #.
.#.#####..##...###...## #. .#.#
#..#..### ###..# #. ...#
#....##)#+#)##.## #. ##.#
#....#♣.....♣#..# ####.
...#####...##....4..##.### #....
.#.........#∩..o8o..>#...####.###
.#######...##....4..##.#....#.#
.#######....#♣..@..♣#..####.#.#
.....<....#.##)#'#)##.## #.#.#
########.##..###[###..# #.#.#
##.....###...###...## #.#)#
#......# ###.....### #.).#
#..###.# ####..# #.### #..# #.#
#...# #.# #..# #.# #.### #.# #..#
#.#######.# #.#


You could see 2 rust devils and 2 orc warriors.

Vanquished Creatures
  Sigmund (D:4)
  4 yaks (D:7)
  A steam dragon (D:7)
  2 water moccasins
  Duvessa (D:4)
  2 orc warriors (D:7)
  2 ice beasts
  3 black bears
  2 ogres (D:5)
  A centaur (D:6)
  2 kobold brigands
  A phantom (D:4)
  2 elf zombies (Ossuary)
  3 bullfrogs
  3 scorpions
  7 wights
  Dowan (D:4)
  A howler monkey (D:5)
  A vampire bat (D:5)
  5 hounds
  3 orc priests
  2 gnoll boudas (D:6)
  Jessica (D:2)
  3 iguanas
  3 orc wizards
  2 mummies (Ossuary)
  10 adders
  11 gnolls
  A river rat (D:6)
  2 white imps
  2 ufetubi
  7 worms
  4 dart slugs
  3 fire bats (D:5)
  24 orcs
  2 spectral bats (D:5)
  18 ball pythons
  17 bats
  3 bat skeletons (D:5)
  A bat zombie (D:5)
  8 endoplasms
  7 giant cockroaches
  3 gnoll zombies (Ossuary)
  11 goblins
  9 hobgoblins
  3 jackals (D:4)
  20 kobolds
  5 quokkas
  A bat simulacrum (D:5)
  5 frilled lizards
  3 goblin zombies
  3 hobgoblin zombies (Ossuary)
  4 orc zombies (Ossuary)
  15 rats
  A rat zombie (D:4)
262 creatures vanquished.

Vanquished Creatures (others)
  40 fungi (D:8)
  49 plants (D:8)
89 creatures vanquished.

Grand Total: 351 creatures vanquished

Notes
Turn   | Place    | Note
-------+----------+-------------------------------------------
     0 | D:1      | howech the Minotaur Fighter began the quest for the Orb.
     0 | D:1      | Reached XP level 1. HP: 19/19 MP: 0/0
   497 | D:1      | Reached XP level 2. HP: 27/27 MP: 1/1
   884 | D:1      | Found a faded altar of an unknown god.
   897 | D:1      | Prayed at the altar of an unknown god.
   897 | D:1      | Became a worshipper of Dithmenos the Shadowed
   897 | D:1      | Reached * piety under Dithmenos
   951 | D:1      | Reached skill level 3 in Axes
  1308 | D:2      | Reached XP level 3. HP: 33/33 MP: 2/2
  1308 | D:2      | Noticed Jessica
  1321 | D:2      | Killed Jessica
  1322 | D:2      | Reached skill level 1 in Throwing
  1499 | D:2      | Reached XP level 4. HP: 40/40 MP: 3/3
  1545 | D:2      | Reached skill level 1 in Dodging
  1616 | D:2      | You fall into a shaft and drop 2 floors!
  1636 | D:4      | Found a sand-covered staircase.
  1639 | D:4      | Reached ** piety under Dithmenos
  1649 | Ossuary  | Entered an ossuary
  1801 | Ossuary  | Reached skill level 4 in Axes
  1801 | Ossuary  | Reached skill level 1 in Evocations
  1801 | Ossuary  | Reached XP level 5. HP: 38/46 MP: 4/4
  2083 | Ossuary  | Reached skill level 1 in Invocations
  2192 | D:3      | Found an opulent altar of Gozag.
  2220 | D:3      | Reached XP level 6. HP: 51/53 MP: 5/5
  2414 | D:2      | Found Meiquvam's Weapon Shoppe.
  3145 | D:3      | Reached *** piety under Dithmenos
  3776 | D:3      | Found a bloodstained altar of Trog.
  4073 | D:4      | Reached XP level 7. HP: 55/60 MP: 7/7
  4252 | D:4      | Noticed Duvessa
  4262 | D:4      | Noticed Dowan
  4274 | D:4      | Killed Duvessa
  4275 | D:4      | Reached skill level 5 in Axes
  4275 | D:4      | Reached skill level 5 in Armour
  4283 | D:4      | Killed Dowan
  4284 | D:4      | Reached skill level 5 in Shields
  4521 | D:4      | Found a staircase to the Ecumenical Temple.
  4529 | Temple   | Entered the Ecumenical Temple
  4866 | D:4      | Reached **** piety under Dithmenos
  5087 | D:4      | Noticed Sigmund
  5094 | D:4      | Killed Sigmund
  5095 | D:4      | Reached skill level 5 in Fighting
  5438 | D:5      | Entered Level 5 of the Dungeon
  5536 | D:5      | Reached XP level 8. HP: 63/68 MP: 8/8
  5763 | D:5      | Reached skill level 6 in Axes
  5821 | D:5      | Found a hide-covered altar of Uskayaw.
  6765 | D:6      | Reached skill level 7 in Axes
  7083 | D:6      | Reached XP level 9. HP: 32/75 MP: 10/10
  7093 | D:6      | Reached ***** piety under Dithmenos
  8780 | D:7      | Reached skill level 8 in Axes
  9377 | D:7      | Reached skill level 5 in Dodging
  9771 | D:8      | Reached XP level 10. HP: 74/86 MP: 12/12
  9775 | D:8      | Reached skill level 9 in Axes
  9916 | D:8      | Found a snail-covered altar of Cheibriados.
 10081 | D:7      | Noticed a rust devil
 10081 | D:7      | Noticed a rust devil
 10092 | D:7      | Mangled by an orc warrior

Illustrated notes

Levels and vault maps discovered:
D:1:      lightli_arrival_lavapool, layout_loops_corners,
          basic_ecumenical_altar, minmay_quantized
D:2:      layout_rooms, serial_shops, nicolae_shop_bloodbath_and_beyond,
          minmay_hexomino_u4, uniq_jessica
D:3:      layout_basic, mainiacjoe_overflow_concentric_impassable,
          mainiacjoe_overflow_24_doors, minmay_fractal_squares_5
D:4:      layout_gridville, minmay_temple_entry_water_ring, enter_ossuary_4,
          chequers_jeans, corexii_checkpoint_a, minmay_misc_feat_encased,
          minmay_snake_closets, uniq_sigmund, uniq_duvessa
D:5:      layout_basic, nicolae_uskayaw_suspiria, goddamned_bats
D:6:      layout_cave_pools, portal_sewer_entry_e
D:7:      cheibrodos_iron_armory, layout_loops_ring, amethyst_killhole
D:8:      layout_loops_ring, mainiacjoe_overflow_tiny_flanked,
          due_lair_maze_entry_diamond, nicolae_shop_self_help
Temple:   nicolae_temple_bog_church

Skill      XL: |  1  2  3  4  5  6  7  8  9 10 |
---------------+-------------------------------+-----
Axes           | 3 4 5 7 8 9 |  9.0
Fighting       | 4 5 6 7 |  7.1
Throwing       | 1 2 3 4 |  4.9
Armour         | 4 5 6 7 |  7.3
Shields        | 4 5 |  5.0
Dodging        | 1 2 3 4 5 |  5.3
Evocations     | 1 2 3 4 |  4.3
Invocations    | 1 2 3 4 |  4.5

Action                   |  1- 3 |  4- 6 |  7- 9 | 10-12 || total
-------------------------+-------+-------+-------+-------++-------
Melee: War axe           |    67 |   160 |   365 |    23 ||   615
       Headbutt          |    12 |    44 |    63 |     6 ||   125
Throw: Boomerang         |       |    20 |    14 |     7 ||    41
       Throwing net      |       |       |     1 |       ||     1
Invok: Shadow Step       |       |     1 |     1 |       ||     2
  Use: Potion            |     4 |       |     3 |       ||     7
       Scroll            |     2 |     1 |    12 |     1 ||    16
 Stab: Held in net/web   |       |       |     2 |       ||     2
Armor: Scale mail        |    30 |    61 |    42 |       ||   133
       Plate armour      |       |       |   192 |    10 ||   202
Dodge: Dodged            |    35 |    82 |   155 |    20 ||   292
Block: Buckler           |    11 |    38 |    96 |     3 ||   148
